 Dungeon Crawl Stone Soup version 0.26.1-11-gd32895ea62 (webtiles) character file.

Game seed: 3421778065875382853

3274 H0rd4k the Martial Artist (level 10, -3/63 HPs)
             Began as an Octopode Transmuter on June 15, 2021.
             Slain by an orc warrior
             ... wielding a +0 halberd
              (23 damage)
             ... in a bailey.
             The game lasted 00:14:44 (9549 turns).

H0rd4k the Martial Artist (Octopode Transmuter)     Turns: 9549, Time: 00:14:45

Health: -3/63      AC:  1    Str: 17    XL:     10   Next: 0%
Magic:  17/17      EV: 15    Int: 17    God:
Gold:   291        SH:  0    Dex: 13    Spells: 10/19 levels left

rFire    . . .     SeeInvis .     - Unarmed
rCold    + . .     Faith    +   (no shield)
rNeg     . . .     Spirit   .   (helmet restricted)
rPois    .         Reflect  .   f - amulet of faith
rElec    .         Harm     .   d - ring of protection from cold
rCorr    .         Rampage  .   i - +6 ring of strength
Will     .....                  (no ring)
Stlth    ++++......             (no ring)
HPRegen  0.20/turn              (no ring)
MPRegen  0.15/turn              (no ring)
                                (no ring)
                                (no ring)

@: no status effects
A: almost no armour, stealthy swim, amphibious, 8 rings, constrict 8, camouflage
1, gelatinous body 1
a: no special abilities


You were in a bailey.
You visited 1 branch of the dungeon, and saw 7 of its levels.
You also visited: Bailey.

You collected 291 gold pieces.

Inventory:

Jewellery
 d - a ring of protection from cold (left tentacle)
 f - an amulet of faith (around mantle)
 i - a +6 ring of strength (right tentacle)
Wands
 e - a wand of random effects (10)
 q - a wand of polymorph (7)
Scrolls
 b - a scroll of fear
 c - 3 scrolls of identify
 p - 4 scrolls of amnesia {unknown}
 s - a scroll of random uselessness
 t - a scroll of fog {unknown}
 v - a scroll of noise {unknown}
 x - 4 scrolls of enchant weapon {unknown}
 z - a scroll of remove curse
Potions
 a - a potion of mutation {unknown}
 g - 4 potions of lignification
 j - a potion of haste
 k - a potion of cancellation
 l - a potion of might
 m - a potion of heal wounds {unknown}
 o - a potion of berserk rage {unknown}
 w - a potion of degeneration {unknown}


   Skills:
 + Level 3.1 Fighting
 + Level 4.9 Dodging
 + Level 4.5 Stealth
 + Level 8.8 Unarmed Combat
 * Level 5.2 Spellcasting
 * Level 5.9 Transmutations
 + Level 3.9 Poison Magic
 + Level 2.3 Evocations


You had 10 spell levels left.
You knew the following spells:

 Your Spells              Type           Power        Failure   Level
a - Beastly Appendage     Tmut           48%          1%          1
b - Spider Form           Tmut/Pois      10%          5%          3
c - Blade Hands           Tmut           12%          34%         5

Your spell library contained the following spells:

 Spells                   Type           Power        Failure   Level
 Wereblood                Tmut           24%          1%          2
 Animate Skeleton         Necr           8%           14%         1
 Pain                     Necr           16%          14%         1
 Vampiric Draining        Necr           2%           38%         3
 Ice Form                 Ice/Tmut       14%          38%         4
 Animate Dead             Necr           2%           80%         4
 Agony                    Necr           4%           98%         5


Dungeon Overview and Level Annotations

Branches:
Dungeon (7/15)             Bailey (1/1)
 Temple: D:4-7

Altars:
Fedhas
Sif Muna
Uskayaw
Xom
Yredelemnul
Zin
The Shining One

Annotations:
D:3 Grinder
D:7 1 transporter


Innate Abilities, Weirdness & Mutations

You cannot wear most types of armour.
You are very stealthy in the water. (Stealth+)
You are amphibious.
You can wear up to eight rings at the same time.
You can use your tentacles to constrict eight enemies at once.
Your skin changes colour to match your surroundings (Stealth+).
Your rubbery body absorbs attacks. (AC +1, EV +1)


Message History

* * * LOW HITPOINT WARNING * * *
You hit the orc warrior but do no damage.
The orc warrior is poisoned.
You hit the orc warrior but do no damage.
The orc warrior looks as sick as possible!
The orc warrior completely misses you.
You hit the orc warrior but do no damage.
The orc warrior misses you. The orc warrior closely misses you.
Your transformation is almost over.
The orc warrior misses you.
Your transformation has ended.
You see here a bolt.
An orc comes into view. It is wielding a +0 arbalest.
The orc shoots a bolt.
The bolt hits you!
* * * LOW HITPOINT WARNING * * *
You see here a bolt.
You feel better.
The orc shoots a bolt.
The bolt completely misses you.
The orc warrior hits you from afar with a +0 halberd!!
You die...

#################################
..............o(@................
.................................
.................................
.................................
......)..........................
......).............)............
...((≈≈((.)..............≈≈(≈≈...
..≈(#.#≈≈...........(.o.≈≈#(#≈≈.(
..≈##.##≈...............≈##.##≈..


You could see an orc warrior (very poisoned) and an orc.

Vanquished Creatures
  A two-headed ogre (D:6)
  Edmund (D:6)
  7 orc warriors (Bailey)
  2 ogres (D:5)
  A centaur (D:6)
  3 bullfrogs
  A scorpion (D:5)
  2 howler monkeys
  3 centaur zombies
  A hound (D:4)
  2 orc priests
  A jelly (D:6)
  A bullfrog skeleton (D:7)
  An iguana (D:5)
  2 worker ants
  3 orc wizards
  2 killer bee zombies
  A hound zombie (D:6)
  A hound skeleton (D:4)
  4 gnolls (D:5)
  11 adders
  2 shadow imps (D:5)
  3 oozes
  2 adder zombies (D:3)
  4 worms
  4 leopard geckos
  26 orcs
  7 giant cockroaches
  9 hobgoblins
  12 jackals
  3 kobolds
  4 quokkas
  2 ball pythons
  8 bats
  4 frilled lizards
  8 goblins
  A leopard gecko skeleton (D:3)
  A quokka skeleton (D:3)
  11 rats
162 creatures vanquished.

Vanquished Creatures (collateral kills)
  An orc knight (Bailey)
  2 orcs (Bailey)
3 creatures vanquished.

Vanquished Creatures (others)
  3 orc warriors (Bailey)
  2 plants (D:7)
  3 withered plants (D:3)
8 creatures vanquished.

Grand Total: 173 creatures vanquished

Notes
Turn   | Place    | Note
-------+----------+-------------------------------------------
     0 | D:1      | H0rd4k the Octopode Transmuter began the quest for the Orb.
     0 | D:1      | Reached XP level 1. HP: 13/13 MP: 3/3
   277 | D:1      | Reached XP level 2. HP: 18/18 MP: 5/5
  1416 | D:2      | Found a blossoming altar of Fedhas.
  1416 | D:2      | Found a glowing silver altar of Zin.
  1428 | D:2      | Reached XP level 3. HP: 15/23 MP: 4/6
  1434 | D:2      | Reached skill level 1 in Stealth
  1854 | D:2      | Learned a level 3 spell: Spider Form
  1996 | D:2      | Reached XP level 4. HP: 28/28 MP: 5/7
  2059 | D:2      | Reached skill level 4 in Unarmed Combat
  2387 | D:2      | Reached skill level 1 in Poison Magic
  2754 | D:2      | Reached XP level 5. HP: 33/33 MP: 8/8
  3114 | D:3      | Found a glowing golden altar of the Shining One.
  3529 | D:3      | Found a shimmering blue altar of Sif Muna.
  3837 | D:3      | Noticed Grinder
  3911 | D:4      | HP: 1/33 [hound (3)]
  3913 | D:4      | Reached XP level 6. HP: 1/38 MP: 10/10
  4600 | D:4      | Found a blossoming altar of Fedhas.
  4670 | D:4      | Found a hide-covered altar of Uskayaw.
  4724 | D:5      | Entered Level 5 of the Dungeon
  4746 | D:5      | Reached skill level 5 in Unarmed Combat
  4881 | D:5      | Reached XP level 7. HP: 20/45 MP: 5/11
  5146 | D:5      | Found a glowing golden altar of the Shining One.
  5168 | D:5      | Found a shimmering altar of Xom.
  5351 | D:5      | Found a basalt altar of Yredelemnul.
  6048 | D:5      | Reached skill level 6 in Unarmed Combat
  6414 | D:6      | Reached XP level 8. HP: 42/51 MP: 13/13
  6604 | D:6      | Noticed a two-headed ogre
  6617 | D:6      | Killed a two-headed ogre
  6618 | D:6      | Reached skill level 7 in Unarmed Combat
  6866 | D:6      | Noticed Edmund
  6893 | D:6      | Killed Edmund
  6894 | D:6      | Reached XP level 9. HP: 39/55 MP: 9/15
  7805 | D:7      | Reached skill level 8 in Unarmed Combat
  7805 | D:7      | Reached skill level 5 in Transmutations
  7819 | D:7      | Found a transporter.
  7856 | D:7      | Found a flagged portal.
  7897 | Bailey   | Entered a bailey
  7904 | Bailey   | Learned a level 5 spell: Blade Hands
  8623 | Bailey   | Reached skill level 1 in Evocations
  9046 | Bailey   | Noticed an orc knight
  9097 | Bailey   | Killed an orc knight
  9098 | Bailey   | Reached skill level 5 in Spellcasting
  9201 | Bailey   | Reached XP level 10. HP: 18/63 MP: 17/17
  9331 | Bailey   | HP: 3/63 [orc (3)]
  9549 | Bailey   | Slain by an orc warrior

Illustrated notes

Levels and vault maps discovered:
D:1:      enne_arrival_octagon_isle, layout_loops_corners
D:2:      layout_rooms, grunt_temple_overflow_open
D:3:      layout_rooms, general_overflow_altar, lemuel_doored_altar,
          amethyst_overflow_temple_binary, serial_undead, serial_undead_a,
          serial_undead_b, serial_undead_e, serial_undead_c,
          chequers_mini_garden, corner_web_ring, uniq_grinder
D:4:      layout_cave_pools, kennysheep_little_box, fedhas_altar_fruit_tree
D:5:      layout_basic, old_standard_altar, basic_altar,
          yredelemnul_altar_generic
D:6:      layout_loops_ring, uniq_edmund
D:7:      layout_cave_pools, minmay_temple_entry_gardened_gates,
          gammafunk_ghost_mausoleum, enter_bailey_6, grunt_decor_junction
Bailey:   bailey_polearm_2, bailey

Skill      XL: |  1  2  3  4  5  6  7  8  9 |
---------------+----------------------------+-----
Stealth        | 1 2 4 |  4.5
Unarmed Combat | 4 5 6 7 8 |  8.8
Poison Magic   | 1 2 3 |  3.9
Transmutations | 3 4 5 |  5.9
Dodging        | 3 4 |  4.9
Spellcasting   | 3 4 5 |  5.2
Fighting       | 2 3 |  3.1
Evocations     | 2 |  2.3

Action                   |  1- 3 |  4- 6 |  7- 9 | 10-12 || total
-------------------------+-------+-------+-------+-------++-------
Melee: Unarmed           |    79 |   162 |   187 |     6 ||   434
       Constrict         |    19 |    37 |    18 |       ||    74
       Tentacles         |    13 |    30 |    15 |     1 ||    59
       Punch             |     3 |     5 |     3 |       ||    11
       Kick              |     4 |     2 |       |       ||     6
 Cast: Beastly Appendage |     3 |     4 |       |       ||     7
       Spider Form       |       |     3 |    21 |     1 ||    25
Evoke: Wand              |       |       |    27 |       ||    27
  Use: Scroll            |       |     4 |     3 |       ||     7
       Potion            |       |     1 |     4 |     1 ||     6
 Stab: Sleeping          |     3 |     7 |     6 |       ||    16
       Distracted        |       |     1 |       |       ||     1
       Paralysed         |       |       |     4 |       ||     4
       Betrayed ally     |       |       |     1 |       ||     1
Armor: Skin              |    10 |     9 |     1 |       ||    20
Dodge: Dodged            |    41 |    94 |   161 |     7 ||   303
